 Dungeon Crawl Stone Soup version 0.31.0-32-g396128a36d (webtiles) character file.

Game seed: 18117471466470192652

1459 PaiMei the Grave Robber (level 8, -4/61 HPs)
             Began as a Demonspawn Necromancer on Mar 30, 2024.
             Killed from afar by Maurice (16 damage)
             ... with an iceblast
             ... on level 7 of the Dungeon.
             The game lasted 00:09:38 (6770 turns).

PaiMei the Grave Robber (Demonspawn Necromancer)    Turns: 6770, Time: 00:09:39

Health: -4/61      AC:  2    Str:  8    XL:     8   Next: 48%
Magic:  24/24      EV: 14    Int: 17    God:
Gold:   435        SH:  0    Dex: 15    Spells: 9/17 levels left

rFire   + . .        a - +2 rapier (elec)
rCold   . . .        (no shield)
rNeg    . . .        C - +0 robe {rF+}
rPois   .            (no helmet)
rElec   .            y - scarf {shadows}
rCorr   .            (no gloves)
SInv    +            (no boots)
Will    .....        p - amulet of magic regeneration
Stlth   ++           v - ring of see invisible
HPRegen 0.30/turn    w - ring of magical power
MPRegen 0.59/turn

%: no passive effects
@: mighty
A: powered by pain 1, weakness stinger 1
a: no special abilities


You were on level 7 of the Dungeon.
You visited 1 branch of the dungeon, and saw 7 of its levels.

You collected 435 gold pieces.

Inventory:

Hand Weapons
 a - a +2 rapier of electrocution (weapon)
 b - a +2 heavy shortbow
Missiles
 q - 21 poisoned darts (quivered)
 s - a throwing net
Armour
 y - a scarf of shadows (worn)
 C - a +0 robe of fire resistance (worn)
Jewellery
 p - an amulet of magic regeneration (around neck)
 v - a ring of see invisible (left hand)
 w - a ring of magical power (right hand)
 E - a ring of magical power
Wands
 x - a wand of flame (23)
 A - a wand of quicksilver (22)
Scrolls
 c - 2 scrolls of revelation {unknown}
 f - 4 scrolls of silence {unknown}
 h - a scroll of amnesia {unknown}
 j - 2 scrolls of fear {unknown}
 k - 8 scrolls of teleportation {unknown}
 l - 2 scrolls of enchant weapon {unknown}
 m - 2 scrolls of blinking {unknown}
 o - 7 scrolls of identify {unknown}
Potions
 d - 4 potions of curing
 e - 2 potions of haste {unknown}
 g - 3 potions of lignification {unknown}
 i - 3 potions of brilliance {unknown}
 n - 2 potions of enlightenment {unknown}
 r - 5 potions of heal wounds {unknown}
 t - a potion of degeneration {unknown}
 u - a potion of ambrosia {unknown}
 z - a potion of might {unknown}
 B - a potion of magic
 D - a potion of attraction {unknown}
 F - 2 potions of invisibility {unknown}


   Skills:
 + Level 4.3 Fighting
 + Level 5.1 Dodging
 - Level 3.0 Stealth
 + Level 5.1 Spellcasting
 + Level 7.3 Necromancy


You had 9 spell levels left.
You knew the following spells:

 Your Spells              Type           Power      Damage    Failure   Level
a - Necrotise             Necr           100%       1d9       1%          1
b - Vampiric Draining     Necr           29%        2d8       1%          3
c - Animate Dead          Necr           29%        N/A       7%          4

Your spell library contained the following spells:

 Spells                   Type           Power      Damage    Failure   Level
 Apportation              Tloc           8%         N/A       14%         1
 Curse of Agony           Necr           29%        N/A       19%         5
 Jinxbite                 Hex            8%         N/A       22%         2
 Volatile Blastmotes      Fire/Tloc      8%         2d10      38%         3
 Fulminant Prism          Conj/Alch      2%         3d5       80%         4
 Iskenderun's Mystic Bla  Conj/Tloc      4%         2d3       80%         4
 Alistair's Intoxication  Alch           2%         N/A       98%         5


Dungeon Overview and Level Annotations

Branches:
Dungeon (7/15)
 Temple: D:4-7

Altars:
Cheibriados
Gozag
Qazlal
Ru
Sif Muna
Yredelemnul

Annotations:
D:6 1 runed translucent door
D:7 1 runed translucent door, Maurice; Teroscates's ghost, novice TrBe


Innate Abilities, Weirdness & Mutations

You sometimes gain a little power by taking damage.
You have a small tail.


Message History

The orc's wounds heal themselves!
The orc attacks as it pursues you! The orc hits you with a +0 club.
The orc attacks as it pursues you! The orc hits you with a +0 club.
The orc attacks as it pursues you! The orc barely misses you.
Casting: Vampiric Draining (safe; 1% risk of failure)
Confirm with . or Enter, or press ? or * to list all spells.
Aiming: Vampiric Draining (safe; 1% risk of failure)
Press: ? - help, Shift-Dir - straight line, f - orc
Aim: an orc, wielding a +0 club and wearing a +0 scale mail You draw life force from the orc!
You kill the orc!
You feel life coursing into your body.
Casting: Vampiric Draining (safe; 1% risk of failure)
Confirm with . or Enter, or press ? or * to list all spells.
You can't see any susceptible monsters within range! (Use Z to cast anyway.) Maurice gestures wildly while chanting.
Maurice flickers and vanishes for a moment.
Maurice unwields a +0 dagger.
Maurice drops a +0 dagger.
Maurice picks up a +0 club.
Maurice wields a +0 club.
The white imp gestures at you. The puff of frost hits you.
You barely miss the white imp.
The white imp summons a swarm of flies.
The white imp hits you but does no damage.
The orc priest mumbles some strange prayers to Beogh against you.
Beogh smites you!
You focus on the pain.
You feel very mighty all of a sudden.
You puncture the white imp!
The white imp is almost dead.
The white imp barely misses you.
Maurice zaps a wand.
The mass of ice explodes!
The iceblast engulfs the white imp.
The white imp partially resists.
The white imp dies!
The iceblast engulfs Maurice!
The iceblast engulfs you!
Maurice zaps a wand.
The mass of ice explodes!
The iceblast engulfs you!
The orc priest invokes the aid of Beogh against you.
Beogh smites you!
* * * LOW HITPOINT WARNING * * *
The orc priest casts a cantrip, but nothing happens.
Maurice zaps a wand.
The mass of ice explodes!
The iceblast engulfs you!
You die...

... # .... # ....######## # .
........)o.#### # ..
.......###..f.#### #
...........#####....##### #
.......#.#.## ##.......### #
.....###.#..#####f........## #
#?).....>.@..........#..###
........................##....
##..#######.####..............
... #.## ##..####....... ..
#..####.## #....### .
##.#.##.# ##...##W# ###
#)#....# #...##...
....##.#....####..##..!. ..#
#.......#..##...#⌠.!♣?


You could see Maurice (invisible).

Vanquished Creatures
  An orc warrior (D:7)
  A sky beast (D:7)
  A black bear (D:5)
  3 centaurs
  A kobold brigand (D:6)
  2 scorpions
  A human zombie (D:6)
  An orc priest (D:6)
  3 jellies
  A hound (D:5)
  Crazy Yiuf (D:2)
  A sleepcap (D:6)
  Terence (D:3)
  Natasha (twice) (D:3)
  4 iguanas
  2 orc wizards (D:6)
  Robin (D:3)
  8 adders
  5 gnolls
  A shadow imp (D:6)
  A white imp (D:7)
  4 ufetubi (D:6)
  3 dart slugs
  A ribbon worm (D:2)
  15 orcs
  3 ball pythons (D:2)
  4 endoplasms
  3 giant cockroaches
  13 goblins
  16 hobgoblins
  4 jackals (D:2)
  7 kobolds
  4 quokkas
  4 bats
  2 frilled lizards
  5 rats
130 creatures vanquished.

Vanquished Creatures (collateral kills)
  A dart slug (D:2)
  A goblin (D:3)
  A rat (D:2)
3 creatures vanquished.

Vanquished Creatures (others)
  A white imp (D:7)
1 creature vanquished.

Grand Total: 134 creatures vanquished

Notes
Turn   | Place    | Note
-------+----------+-------------------------------------------
     0 | D:1      | PaiMei the Demonspawn Necromancer began the quest for the
                  | Orb.
     0 | D:1      | Reached XP level 1. HP: 13/13 MP: 3/3
   324 | D:1      | Gained mutation: You have a small tail. [demonic ancestry]
   324 | D:1      | Reached XP level 2. HP: 13/19 MP: 0/5
   975 | D:2      | Reached XP level 3. HP: 24/24 MP: 0/6
   979 | D:2      | Learned a level 3 spell: Vampiric Draining
  1375 | D:2      | Reached XP level 4. HP: 30/30 MP: 4/7
  1699 | D:2      | Found a runed translucent door.
  1700 | D:2      | Noticed Crazy Yiuf
  1967 | D:2      | Killed Crazy Yiuf
  1968 | D:2      | Reached skill level 5 in Necromancy
  2286 | D:3      | Found a stormy altar of Qazlal.
  2336 | D:3      | Noticed Natasha
  2351 | D:3      | Killed Natasha
  2352 | D:3      | Reached XP level 5. HP: 20/35 MP: 6/9
  2476 | D:3      | Noticed Terence
  2484 | D:3      | Killed Terence
  2615 | D:3      | Noticed Natasha
  2623 | D:3      | Killed Natasha
  2708 | D:3      | Reached skill level 1 in Fighting
  2839 | D:3      | Noticed Robin
  3096 | D:3      | Killed Robin
  3405 | D:4      | Reached XP level 6. HP: 43/43 MP: 7/10
  3758 | D:5      | Entered Level 5 of the Dungeon
  3829 | D:5      | Found a sacrificial altar of Ru.
  3861 | D:5      | Found an opulent altar of Gozag.
  4218 | D:5      | Reached skill level 6 in Necromancy
  4218 | D:5      | Gained mutation: You sometimes gain a little power by
                  | taking damage. [demonic ancestry]
  4218 | D:5      | Reached XP level 7. HP: 22/51 MP: 10/12
  4663 | D:6      | Learned a level 4 spell: Animate Dead
  5075 | D:6      | Found a snail-covered altar of Cheibriados.
  5335 | D:6      | Found a runed translucent door.
  5335 | D:6      | Noticed a human
  5337 | D:6      | Found a basalt altar of Yredelemnul.
  5941 | D:6      | Found a shimmering blue altar of Sif Muna.
  6060 | D:5      | Reached XP level 8. HP: 47/58 MP: 14/14
  6469 | D:7      | Reached skill level 7 in Necromancy
  6514 | D:7      | Found a runed translucent door.
  6514 | D:7      | Noticed Teroscates's ghost (novice TrBe)
  6569 | D:7      | Reached skill level 5 in Spellcasting
  6602 | D:7      | Reached skill level 5 in Dodging
  6742 | D:7      | Noticed Maurice
  6770 | D:7      | Killed from afar by Maurice

Illustrated notes

Levels and vault maps discovered:
D:1:      dpeg_arrival_central, layout_rooms, minmay_pentomino_x2
D:2:      layout_basic, minmay_misc_feat_tiny, uniq_crazy_yiuf_cottage
D:3:      minmay_recursive_quarters, layout_basic, grunt_qazlal_sundering,
          uniq_terence, uniq_natasha, uniq_robin
D:4:      layout_basic, dreamdust_wishing_well, minivault_11
D:5:      layout_loops_cross, tso_altar, lemuel_round_altar,
          mainiacjoe_overflow_small_starburst
D:6:      layout_basic, dk_yredelemnul_ordeal, nicolae_sif_muna_little_library,
          elyvilon_altar_5, cheibriados_altar_1, dreamdust_mushroom_princess
D:7:      layout_rooms, minmay_temple_entry_antechambers,
          hellmonk_ghost_happy_afterlife, uniq_maurice

Skill      XL: |  1  2  3  4  5  6  7  8 |
---------------+-------------------------+-----
Stealth        | 2 3 |  3.0
Dodging        | 2 3 4 5 |  5.1
Necromancy     | 5 6 7 |  7.3
Spellcasting   | 3 4 5 |  5.1
Fighting       | 1 2 3 4 |  4.3

Action                     |  1- 3 |  4- 6 |  7- 9 || total
---------------------------+-------+-------+-------++-------
  Melee: Dagger            |     3 |       |       ||     3
         Tailslap          |     2 |     1 |     3 ||     6
         Rapier            |     4 |    16 |    35 ||    55
   Fire: Shortbow          |       |       |    27 ||    27
   Cast: Necrotise         |    58 |   121 |    38 ||   217
         Vampiric Draining |       |     9 |    29 ||    38
    Use: Potion            |       |     1 |       ||     1
 Armour: Robe              |    11 |    39 |    84 ||   134
  Dodge: Dodged            |    12 |    41 |    89 ||   142
